 Dungeon Crawl Stone Soup version 0.29-a0-334-gb41bcbb86e (webtiles) character file.

Game seed: 11051723588947461858

244 bande the Skirmisher (level 6, 0/39 HPs)
             Began as a Gargoyle Fighter on Apr 16, 2022.
             Killed by divine providence
             ... invoked by an orc priest
              (15 damage)
             ... on level 3 of the Dungeon.
             The game lasted 00:04:32 (3226 turns).

bande the Skirmisher (Gargoyle Fighter)             Turns: 3226, Time: 00:04:33

Health: 0/39       AC: 18    Str: 20    XL:     6   Next: 10%
Magic:  6/6        EV:  9    Int:  8    God:
Gold:   105        SH:  5    Dex: 11    Spells: 5/5 levels left

rFire   . . .      SeeInvis .   a - +0 war axe (protect)
rCold   . . .      Faith    .   c - +1 buckler
rNeg    + . .      Spirit   .   b - +0 scale mail
rPois   ∞          Reflect  .   (no helmet)
rElec   +          Harm     .   (no cloak)
rCorr   +          Rampage  .   (no gloves)
Will    .....                   (no boots)
Stlth   ..........              (no amulet)
HPRegen 0.13/turn               g - ring of resist corrosion
MPRegen 0.10/turn               (no ring)

@: under a protective aura
A: sickness immunity, AC +4, negative energy resistance 1, electricity
resistance, torment resistance 1, petrification resistance
a: no special abilities


You were on level 3 of the Dungeon.
You visited 1 branch of the dungeon, and saw 3 of its levels.
You also visited: Sewer.

You collected 105 gold pieces.

Inventory:

Hand Weapons
 a - a +0 war axe of protection (weapon)
 l - a +0 war axe
Armour
 b - a +0 scale mail (worn)
 c - a +1 buckler (worn)
Jewellery
 g - a ring of resist corrosion (left hand)
Scrolls
 f - a scroll of teleportation
 i - a scroll of amnesia
 j - a scroll of blinking
 n - a scroll of enchant armour
Potions
 d - a potion of might
 e - 4 potions of curing
 h - 2 potions of haste {unknown}
 k - a potion of attraction {unknown}
 m - a potion of heal wounds {unknown}


   Skills:
 + Level 4.3 Fighting
 + Level 3.9 Axes
 + Level 4.3 Armour
 + Level 4.2 Shields


You had 5 spell levels left.
You didn't know any spells.
Your spell library contained the following spells:

 Spells                   Type           Power      Damage    Failure   Level
 Sandblast                Erth           0%         2d4       83%         1
 Corpse Rot               Necr/Air       0%         N/A       93%         2
 Passwall                 Tmut/Erth      0%         N/A       93%         2
 Poisonous Vapours        Pois/Air       0%         N/A       93%         2
 Stone Arrow              Conj/Erth      0%         3d7       99%         3


Dungeon Overview and Level Annotations

Branches:
Dungeon (3/15)              Sewer (visited)

Altars:
Uskayaw


Innate Abilities, Weirdness & Mutations

You are immune to sickness and miasma.
Your stone body is resilient. (AC +4)
You are immune to poison.
You resist negative energy. (rN+)
You are resistant to electric shocks. (rElec)
You are resistant to unholy torment.
You are immune to petrification.


Message History

Unknown command.
You miss something. You closely miss the bat.
You feel less confused. The bat hits you but does no damage.
The bat barely misses you. Something hits you but does no damage.
Unknown command.
You barely miss the bat.
The bat is moderately wounded.
You miss something. The bat closely misses you.
The orc throws a boomerang.
The boomerang barely misses you. Something hits you but does no damage.
The bat barely misses you.
Unknown command.
You barely miss the bat.
The bat is moderately wounded.
You closely miss something. The bat barely misses you.
You block the bat's attack. Something hits you.
The bat hits you but does no damage.
The orc throws a boomerang.
The boomerang hits you. Something hits you but does no damage.
Unknown command.
You barely miss the bat.
The bat is moderately wounded.
You hit something.
Your weapon exudes an aura of protection.
Reactivating autopickup.
You feel a bit more experienced. The bat closely misses you.
The bat hits you but does no damage.
You have reached level 6!
You hit the bat but do no damage.
The bat is moderately wounded.
You closely miss the orc. The bat hits you but does no damage.
The bat closely misses you. The orc hits you but does no damage.
The orc priest casts a cantrip, but nothing happens.
Unknown command.
You slash the bat!
You kill the bat!
You hit the orc.
You kill the orc!
The orc priest mumbles some strange prayers to Beogh against you.
Beogh smites you!
You die...

#####.....†...#
##.....##..#####
.....#[##..#
##.#.#.##..#
##.........#####
.....#....##...#
..##.##.##.....#
####.#P.P###..##########
###≈.≈##...o.@.......
≈≈.≈≈###.oo###.####
≈≈≈.≈≈≈P#...#
.............#
≈≈.≈≈≈P#))......
≈≈.≈≈###........ ###≈.≈
#..#.#.... # ##.#P.
..$#.#.... ###..##
......# ...


You could see an orc priest and 2 orcs.

Vanquished Creatures
  Natasha (twice) (D:2)
  An orc wizard (D:3)
  9 adders
  2 river rats (Sewer)
  4 orcs (D:3)
  5 ball pythons
  3 endoplasms (D:1)
  4 giant cockroaches
  A goblin (D:3)
  6 hobgoblins
  10 quokkas
  5 bats
  8 frilled lizards
  7 kobolds
  14 rats
81 creatures vanquished.

Vanquished Creatures (others)
  4 toadstools (D:1)
4 creatures vanquished.

Grand Total: 85 creatures vanquished

Notes
Turn   | Place    | Note
-------+----------+-------------------------------------------
     0 | D:1      | bande the Gargoyle Fighter began the quest for the Orb.
     0 | D:1      | Reached XP level 1. HP: 14/14 MP: 1/1
   299 | D:1      | Reached XP level 2. HP: 19/19 MP: 2/2
  1146 | D:2      | Reached XP level 3. HP: 23/23 MP: 3/3
  1248 | D:2      | Found a hide-covered altar of Uskayaw.
  1266 | D:2      | Noticed Natasha
  1272 | D:2      | Killed Natasha
  1502 | D:2      | Noticed Natasha
  1511 | D:2      | Killed Natasha
  1512 | D:2      | Reached XP level 4. HP: 16/29 MP: 4/4
  2140 | D:3      | Reached XP level 5. HP: 29/33 MP: 5/5
  2247 | D:3      | Found a glowing drain.
  2269 | Sewer    | Entered a sewer
  3225 | D:3      | Reached XP level 6. HP: 15/39 MP: 6/6
  3226 | D:3      | Killed from afar by an orc priest

Illustrated notes

Levels and vault maps discovered:
D:1:      ldierk_water_garden, layout_basic
D:2:      layout_loops_ring, basic_altar, uniq_natasha
D:3:      layout_basic, gup_sewer_entry_pipe,
          hellmonk_ecumenical_altar_heavens_door, dreamdust_princess_bridge

Skill      XL: |  1  2  3  4  5 |
---------------+----------------+-----
Axes           | 2 3 |  3.9
Armour         | 4 |  4.3
Fighting       | 4 |  4.3
Shields        | 4 |  4.2

Action                   |  1- 3 |  4- 6 || total
-------------------------+-------+-------++-------
Melee: War axe           |    74 |   197 ||   271
  Use: Scroll            |     3 |     4 ||     7
Armor: Scale mail        |    34 |   134 ||   168
Dodge: Dodged            |    32 |   109 ||   141
Block: Buckler           |    22 |    63 ||    85

Table legend: (Time is in decaauts)
 A = Elapsed time spent in this place.
 B = Non-inter-level travel time spent in this place.
 C = Inter-level travel time spent in this place.
 D = Time resting spent in this place.
 E = Time spent auto-exploring this place.
 F = Levels seen in this place.
 G = Mean time per level.
                   A        B        C        D        E       F      G
               +--------+--------+--------+--------+--------+-----+--------+
         Total |   3395 |   3349 |     46 |    188 |   2421 |   4 |  848.8 |
       Dungeon |   2565 |   2519 |     46 |      0 |   1983 |   3 |  855.0 |
         Sewer |    830 |    830 |      0 |    188 |    438 |   1 |  830.0 |
               +--------+--------+--------+--------+--------+-----+--------+

Top non-repeatable levels by time:
     D:1: 1052 daAuts
     D:2: 1022 daAuts
   Sewer: 830 daAuts
     D:3: 490 daAuts
